 Dungeon Crawl Stone Soup version 0.27-a0-1188-g73eefd5def (webtiles) character file.

Game seed: 496150805383372422

229 Gargoyl the Skirmisher (level 6, -3/79 HPs)
             Began as a Gnoll Abyssal Knight on May 21, 2021.
             Was a Believer of Lugonu.
             Slain by Menkaure (15 damage)
             ... on level 5 of the Dungeon.
             The game lasted 00:02:38 (2645 turns).

Gargoyl the Skirmisher (Gnoll Abyssal Knight)       Turns: 2645, Time: 00:02:38

Health: -3/79      AC:  7    Str: 17    XL:     6   Next: 3%
Magic:  9/9        EV: 10    Int: 15    God:    Lugonu [**....]
Gold:   47         SH:  0    Dex: 11    Spells: 8/8 levels left

rFire    . . .     SeeInvis .   a - +1 hand axe
rCold    . . .     Faith    .   (no shield)
rNeg     . . .     Spirit   .   c - +0 scale mail
rPois    .         Reflect  .   (no helmet)
rElec    .         Harm     .   (no cloak)
rCorr    .         Rampage  .   (no gloves)
Will     .....                  (no boots)
Stlth    ..........             f - amulet of Momatz {Acrobat +Inv Str+3 Int+4}
HPRegen  0.23/turn              (no ring)
MPRegen  0.11/turn              (no ring)

@: berserking, very quick
A: fangs 1, strong nose, distributed training
a: Renounce Religion, Evoke Invisibility, Depart the Abyss, Bend Space


You were on level 5 of the Dungeon.
You worshipped Lugonu.
Lugonu was pleased with you.
You visited 1 branch of the dungeon, and saw 4 of its levels.
You visited the Abyss 1 time.

You collected 47 gold pieces.

Inventory:

Hand Weapons
 a - a +1 hand axe (weapon)
Missiles
 i - 3 boomerangs (quivered)
Armour
 b - a +0 leather armour
 c - a +0 scale mail (worn)
Jewellery
 f - the amulet of Momatz (around neck) {Acrobat +Inv Str+3 Int+4}
   (You acquired it on level 3 of the Dungeon)

   [amulet of the acrobat]

   It increases your evasion while moving and waiting.
   It affects your strength (+3).
   It affects your intelligence (+4).
   It lets you turn invisible.
Scrolls
 e - 2 scrolls of magic mapping
 h - a scroll of teleportation
 j - a scroll of noise {unknown}
 l - a scroll of immolation {unknown}


   Skills:
 + Level 6.7 Fighting
 + Level 1.7 Short Blades
 + Level 1.7 Long Blades
 + Level 4.9 Axes
 + Level 1.7 Maces & Flails
 + Level 1.7 Polearms
 + Level 1.7 Staves
 + Level 1.7 Slings
 + Level 1.7 Bows
 + Level 1.7 Crossbows
 + Level 1.7 Throwing
 + Level 4.9 Armour
 + Level 3.1 Dodging
 + Level 1.7 Stealth
 + Level 1.7 Shields
 + Level 1.7 Unarmed Combat
 + Level 1.7 Spellcasting
 + Level 1.3 Conjurations
 + Level 1.3 Hexes
 + Level 1.3 Summonings
 + Level 1.3 Necromancy
 + Level 1.3 Translocations
 + Level 1.3 Transmutations
 + Level 1.3 Fire Magic
 + Level 1.3 Ice Magic
 + Level 1.3 Air Magic
 + Level 1.3 Earth Magic
 + Level 1.3 Poison Magic
 + Level 5.0 Invocations
 + Level 1.7 Evocations


You had 8 spell levels left.
You didn't know any spells.
Your spell library was empty.

Dungeon Overview and Level Annotations

Branches:
Dungeon (3/15)

Altars:

Annotations:
D:5 Menkaure


Innate Abilities, Weirdness & Mutations

You have very sharp teeth.
Your uncanny sense of smell can sniff out nearby items.
Your experience applies equally to all skills.


Message History

The scorpion is heavily wounded.
You feel sick. The scorpion stings you!
The scorpion stings you but does no damage.
You slash the scorpion!
You kill the scorpion!
Lugonu accepts your kill.
You feel sick.
Your Invocations skill increases to level 5!
You have reached level 6!
Your experience leads to an increase in your attributes!
Your base attributes are Str 13, Int 11, Dex 11.
Increase (S)trength, (I)ntelligence, or (D)exterity?
You feel stronger.
You start resting.
You feel sick. x2
You are no longer poisoned.
You start resting.
HP restored.
Menkaure, Prince of Dust comes into view.
Menkaure shouts!
Menkaure is nearby!
Okay, then.
Menkaure calls on the powers of darkness!
Your body is wracked with pain!
Menkaure gestures wildly while chanting.
Menkaure seems to speed up.
You see here 13 gold pieces.
It was a potion of berserk rage.
A red film seems to cover your vision as you go berserk!
You feel yourself moving faster!
You feel mighty! Menkaure hits you!!
You completely miss Menkaure. Menkaure hits you.
* * * LOW HITPOINT WARNING * * *
You slash Menkaure! You bite Menkaure!
Menkaure is severely damaged.
Menkaure calls on the powers of darkness!
Your body is wracked with pain!
* * * LOW HITPOINT WARNING * * *
You barely miss Menkaure. You bite Menkaure.
Menkaure is almost destroyed.
Menkaure hits you!
You die...

.## # [..#...# ##
####.......# .#
......#....## ..##.
#..#####....# ..... #..#
#....## ...... ##.#
#...).#####....# #.##
#..............#
#..####.......$@M....#
##..##.....######.......
......†.#..# #......
....######.# ......
.##.# #..# ..... ###.#
#.... ..... ... ..##..
.... .#. ..# ##. .... .#
#


You could see Menkaure (fast).

Vanquished Creatures
  A water moccasin (D:5)
  A scorpion (D:5)
  An adder (D:2)
  A worm (D:2)
  An orc (D:2)
  4 bats
  5 endoplasms
  4 giant cockroaches
  3 goblins
  4 hobgoblins
  6 jackals
  3 kobolds (D:2)
  2 quokkas (D:1)
  6 ball pythons
  A frilled lizard (D:2)
  3 rats
46 creatures vanquished.

Notes
Turn   | Place    | Note
-------+----------+-------------------------------------------
     0 | Abyss:1  | Gargoyl the Gnoll Abyssal Knight began the quest for the
                  | Orb.
     0 | Abyss:1  | Reached XP level 1. HP: 23/23 MP: 3/3
    80 | Abyss:1  | Noticed a small abomination
    93 | D:1      | Escaped the Abyss
   150 | D:1      | Found a faded altar of an unknown god.
   441 | D:1      | Reached XP level 2. HP: 29/29 MP: 5/5
   499 | D:1      | Reached * piety under Lugonu
  1054 | D:2      | Reached XP level 3. HP: 19/35 MP: 6/6
  1428 | D:2      | Reached skill level 1 in Short Blades
  1428 | D:2      | Reached skill level 1 in Long Blades
  1428 | D:2      | Reached skill level 1 in Maces & Flails
  1428 | D:2      | Reached skill level 1 in Polearms
  1428 | D:2      | Reached skill level 1 in Staves
  1428 | D:2      | Reached skill level 1 in Slings
  1428 | D:2      | Reached skill level 1 in Bows
  1428 | D:2      | Reached skill level 1 in Crossbows
  1428 | D:2      | Reached skill level 1 in Throwing
  1428 | D:2      | Reached skill level 1 in Stealth
  1428 | D:2      | Reached skill level 1 in Shields
  1428 | D:2      | Reached skill level 1 in Unarmed Combat
  1428 | D:2      | Reached skill level 1 in Spellcasting
  1428 | D:2      | Reached skill level 1 in Evocations
  1723 | D:2      | Reached XP level 4. HP: 41/41 MP: 7/7
  1987 | D:3      | Reached ** piety under Lugonu
  1993 | D:3      | Identified a scroll of acquirement
  1993 | D:3      | Acquired the amulet of Momatz {Acrobat +Inv Str+3 Int+4}
  2039 | D:3      | You fall into a shaft and drop 2 floors!
  2039 | D:5      | Entered Level 5 of the Dungeon
  2058 | D:5      | Noticed a water moccasin
  2082 | D:5      | Killed a water moccasin
  2083 | D:5      | Reached skill level 1 in Conjurations
  2083 | D:5      | Reached skill level 1 in Hexes
  2083 | D:5      | Reached skill level 1 in Summonings
  2083 | D:5      | Reached skill level 1 in Necromancy
  2083 | D:5      | Reached skill level 1 in Translocations
  2083 | D:5      | Reached skill level 1 in Transmutations
  2083 | D:5      | Reached skill level 1 in Fire Magic
  2083 | D:5      | Reached skill level 1 in Ice Magic
  2083 | D:5      | Reached skill level 1 in Air Magic
  2083 | D:5      | Reached skill level 1 in Earth Magic
  2083 | D:5      | Reached skill level 1 in Poison Magic
  2083 | D:5      | Reached XP level 5. HP: 26/47 MP: 8/8
  2439 | D:5      | Reached skill level 5 in Invocations
  2439 | D:5      | Reached XP level 6. HP: 22/53 MP: 9/9
  2637 | D:5      | Noticed Menkaure
  2645 | D:5      | Slain by Menkaure

Illustrated notes

Levels and vault maps discovered:
D:1:      dpeg_arrival_boxes_within_box, layout_basic, serial_curves,
          eino_curves_04, eino_curves_04, eino_curves_02,
          ebering_ecumenical_altar_box
D:2:      layout_basic
D:3:      layout_basic, nicolae_overflow_hidden_temple,
          minmay_misc_feat_four_crosses, uniq_grinder
D:5:      layout_layer_cave, nicolae_kikubaaqudgha_miasma_corner, st_stairs_11,
          uniq_crazy_yiuf_cottage, uniq_duvessa, uniq_menkaure

Skill      XL: |  1  2  3  4  5 |
---------------+----------------+-----
Short Blades   | 1 |  1.7
Long Blades    | 1 |  1.7
Maces & Flails | 1 |  1.7
Polearms       | 1 |  1.7
Staves         | 1 |  1.7
Slings         | 1 |  1.7
Bows           | 1 |  1.7
Crossbows      | 1 |  1.7
Throwing       | 1 |  1.7
Stealth        | 1 |  1.7
Shields        | 1 |  1.7
Unarmed Combat | 1 |  1.7
Spellcasting   | 1 |  1.7
Evocations     | 1 |  1.7
Dodging        | 3 |  3.1
Conjurations   | 1 |  1.3
Hexes          | 1 |  1.3
Summonings     | 1 |  1.3
Necromancy     | 1 |  1.3
Translocations | 1 |  1.3
Transmutations | 1 |  1.3
Fire Magic     | 1 |  1.3
Ice Magic      | 1 |  1.3
Air Magic      | 1 |  1.3
Earth Magic    | 1 |  1.3
Poison Magic   | 1 |  1.3
Invocations    | 5 |  5.0
Fighting       | |  6.7
Axes           | |  4.9
Armour         | |  4.9

Action                   |  1- 3 |  4- 6 || total
-------------------------+-------+-------++-------
Melee: Hand axe          |    95 |    48 ||   143
       Bite              |     9 |     5 ||    14
Throw: Boomerang         |       |     2 ||     2
Invok: Depart the Abyss  |     1 |       ||     1
  Use: Scroll            |     2 |     3 ||     5
       Potion            |       |     3 ||     3
Armor: Scale mail        |    93 |    10 ||   103
       Skin              |       |    13 ||    13
Dodge: Dodged            |    71 |    21 ||    92

Table legend: (Time is in decaauts)
 A = Elapsed time spent in this place.
 B = Non-inter-level travel time spent in this place.
 C = Inter-level travel time spent in this place.
 D = Time resting spent in this place.
 E = Time spent auto-exploring this place.
 F = Levels seen in this place.
 G = Mean time per level.
                   A        B        C        D        E       F      G
               +--------+--------+--------+--------+--------+-----+--------+
         Total |   2654 |   2613 |     41 |    344 |   1834 |   5 |  530.8 |
       Dungeon |   2561 |   2520 |     41 |    344 |   1757 |   4 |  640.2 |
         Abyss |     93 |     93 |      0 |      0 |     77 |   1 |   93.0 |
               +--------+--------+--------+--------+--------+-----+--------+

Top non-repeatable levels by time:
     D:2: 960 daAuts
     D:1: 931 daAuts
     D:5: 607 daAuts
 Abyss:1: 93 daAuts
     D:3: 62 daAuts
